 Dungeon Crawl Stone Soup version 0.32-a0-599-gba8f9cf90e (webtiles) character file.

Game seed: 13780235570907539242

12100 cforsyth the Basher (level 11, -7/89 (92) HPs)
             Began as a Mountain Dwarf Necromancer on Mar 3, 2024.
             Was a Believer of Kikubaaqudgha.
             Mangled by a wraith (11 damage)
             ... led by Josephine
             ... on level 11 of the Dungeon.
             The game lasted 00:35:46 (18691 turns).

cforsyth the Basher (Mountain Dwarf Necromancer)   Turns: 18691, Time: 00:35:47

HP:   -7/89 (92)    AC: 14    Str: 12    XL:     11   Next: 58%
MP:   13/13         EV:  9    Int: 19    God:    Kikubaaqudgha [**....]
Gold: 51            SH:  0    Dex: 10    Spells: 4/13 levels left

rFire   . . .        c - +3 eveningstar (drain)
rCold   . . .        (no shield)
rNeg    . . .        l - +1 scale mail
rPois   .            t - +0 helmet
rElec   .            u - +2 cloak
rCorr   .            (no gloves)
SInv    +            (no boots)
Will    +....        (no amulet) Stlth
                     v - ring of see invisible
HPRegen 0.34/turn    L - ring of flight
MPRegen 0.13/turn

%: no passive effects
@: flying, slowed, lightly drained, very slow
A: runic magic, artefact enchanting
a: Renounce Religion, Unearth Wretches


You were on level 11 of the Dungeon.
You worshipped Kikubaaqudgha.
Kikubaaqudgha was pleased with you.
You visited 3 branches of the dungeon, and saw 13 of its levels.
You also visited: Sewer.

You collected 657 gold pieces.
You spent 606 gold pieces at shops.


Innate Abilities, Weirdness & Mutations

Your spellcasting is much less encumbered by armour.
You can use scrolls of enchantment on lesser artefacts.


   Skills:
 - Level 7.4 Fighting
 + Level 13.0 Maces & Flails
 + Level 9.9 Armour
 - Level 1.3 Dodging
 - Level 1.4 Stealth
 - Level 1.7 Spellcasting
 - Level 11.6 Necromancy


You had 4 spell levels left.
You knew the following spells:

 Your Spells              Type           Power      Damage    Failure   Level
a - Animate Dead          Necr           46%        N/A       1%          4
n - Dispel Undead         Necr           46%        3d18      1%          4
X - Necrotise             Necr           100%       1d9       1%          1

Your spell library contained the following spells:

 Spells                   Type           Power      Damage    Failure   Level
 Fugue of the Fallen      Necr           46%        N/A       1%          3
 Vampiric Draining        Necr           46%        2d9       1%          3
 Kiss of Death            Conj/Necr      92%        2d12      2%          1
 Magic Dart               Conj           4%         1d3       24%         1
 Blink                    Tloc           2%         N/A       34%         2
 Call Imp                 Summ           2%         N/A       34%         2
 Jinxbite                 Hex            2%         N/A       34%         2
 Confusing Touch          Hex            1%         N/A       56%         3
 Dazzling Flash           Conj/Hex       2%         N/A       56%         3
 Mephitic Cloud           Conj/Alch/Air  1%         N/A       56%         3
 Curse of Agony           Necr           46%        N/A       5%          5
 Silence                  Hex/Air        0%         N/A       100%        5
 Yara's Violent Unravell  Hex/Alch       0%         3d3       100%        5
 Enfeeble                 Hex            0%         N/A       100%        7

Inventory:

Hand Weapons
 c - a +3 eveningstar of draining (weapon)
 f - a +2 short sword of venom
Missiles
 z - 2 throwing nets {=f}
Armour
 l - a +1 scale mail (worn)
 t - a +0 helmet (worn)
 u - a +2 cloak (worn)
Jewellery
 v - a ring of see invisible (left hand)
 C - a ring of protection from cold
 F - a ring of fire
 L - a ring of flight (right hand)
Wands
 a - a wand of polymorph (3)
 e - a wand of warping (14)
 p - a wand of light (5)
 w - a wand of flame (6)
Scrolls
 d - a scroll of torment
 h - a scroll of fog
 o - 3 scrolls of revelation
 r - 2 scrolls of poison
 x - 2 scrolls of fear
 y - a scroll of enchant armour
Potions
 b - 2 potions of magic
 g - 2 potions of enlightenment
 i - 2 potions of might
 j - 2 potions of brilliance
 k - a potion of curing {@q1}
 m - a potion of invisibility
 q - 2 potions of attraction
 s - a potion of cancellation
 D - a potion of haste {@q3}

Dungeon Overview and Level Annotations

Branches:
Dungeon (11/15)            Temple (1/1) D:4            Lair (1/5) D:11
    Orc (0/2) D:9           Sewer (visited)

Altars:
Ashenzari
Cheibriados
Dithmenos
Elyvilon
Fedhas
Gozag
Hepliaklqana
Kikubaaqudgha
Makhleb
Nemelex Xobeh
Okawaru
Qazlal
Ru
Sif Muna
Trog
Uskayaw
Vehumet
Wu Jian
Xom
Yredelemnul
Zin
The Shining One
Beogh

Shops:
D:2 [:*[   D:4 [***   D:6 [*   D:8 (   D:9 [   D:10 [(**

Annotations:
D:3 3 runed translucent doors, Fractals's ghost, amateur MDFi
D:11 Josephine

#.........#
#.........#
#.........#
#.........#
##.......##
#.........### ## #.
#...........###.##..#
#.<..W...............
#...@W@).............
#....W..........#.#..
##.......#...........
##......#...........
######.#...........
#........#.~..
##............
##....#......#
#......#...##.


You could see Josephine and 3 wraiths.


Message History

The ghostly fireball engulfs the wraith.
The wraith completely resists.
Unknown command.
The wraith hits you but does no damage. The wraith hits you.
* * * LOW HITPOINT WARNING * * *
The wraith drains your vigour!
You feel yourself slow down.
Unknown command.
The wraith attacks as it pursues you! The wraith hits you.
* * * LOW HITPOINT WARNING * * *
The wraith drains your vigour!
You feel as though you will be slow longer.
The wraith hits you.
* * * LOW HITPOINT WARNING * * *
The wraith drains your vigour!
You feel as though you will be slow longer.
The wraith hits you!
* * * LOW HITPOINT WARNING * * *
You see here a wolf skeleton.
Unknown command.
The wraith attacks as it pursues you! The wraith barely misses you.
There is a stone staircase leading up, spattered with blood here.
Unknown command.
The wraith closely misses you. The wraith hits you.
* * * LOW HITPOINT WARNING * * *
The wraith drains your vigour!
You feel as though you will be slow longer.
The wraith barely misses you. The wraith hits you!
You die...
Kikubaaqudgha rasps: You have failed me!
Welcome... death!

Skill      XL: |  1  2  3  4  5  6  7  8  9 10 11 |
---------------+----------------------------------+-----
Fighting       | 1 2 3 4 5 7 |  7.4
Necromancy     | 5 6 7 8 10 11 | 11.6
Maces & Flails | 2 3 4 5 7 9 11 13 | 13.0
Armour         | 1 5 7 9 |  9.9
Dodging        | |  1.3
Stealth        | |  1.4
Spellcasting   | |  1.7

Action                     |  1- 3 |  4- 6 |  7- 9 | 10-12 || total
---------------------------+-------+-------+-------+-------++-------
  Melee: Unarmed           |     1 |       |       |     1 ||     2
         Short sword       |     7 |       |       |       ||     7
         Eveningstar       |     8 |    82 |   233 |   450 ||   773
   Cast: Necrotise         |    65 |    74 |    32 |     5 ||   176
         Animate Dead      |       |     1 |     5 |     7 ||    13
         Dispel Undead     |       |       |     3 |     7 ||    10
 Invoke: Unearth Wretches  |       |       |     2 |       ||     2
  Evoke: Wand              |       |       |     2 |     7 ||     9
    Use: Scroll            |     6 |     1 |     6 |    13 ||    26
         Potion            |       |     3 |     3 |     6 ||    12
   Stab: Invisible         |       |       |     1 |     4 ||     5
         Paralysed         |       |       |     1 |       ||     1
 Armour: Robe              |    10 |    44 |       |       ||    54
         Scale mail        |       |    52 |   391 |   506 ||   949
         Skin              |       |       |       |    14 ||    14
  Dodge: Dodged            |    26 |    61 |   194 |   261 ||   542

Levels and vault maps discovered:
D:1:      dpeg_arrival_tiny_j, layout_basic
D:2:      layout_basic, serial_shops, shop, nicolae_shop_overgrown_old_shop,
          shop, shop, interstate_on_off, minmay_tromino_v4_a
D:3:      layout_basic, ebering_ghost_rock_garden, portal_sewer_entry_f,
          minmay_misc_feat_tower, uniq_jessica
D:4:      layout_gridville, minmay_temple_entry_statues_pillars, serial_shops,
          shop, nicolae_shop_back_alley_shop, shop, nicolae_shop_gadgets
D:5:      layout_loops_ring, chequers_big_river
D:6:      layout_cave_pods, nicolae_shop_dragon_depot, nicolae_evil_shop
D:7:      layout_loops_cross
D:8:      layout_rooms, serial_shops, shop, serial_corexii_hall,
          chequers_hall_statues_corner_a, chequers_hall_statues_y,
          chequers_hall_statues_corner_a, corexii_hall_statues_i, uniq_grum,
          uniq_maurice
D:9:      layout_roguey [special_room_orc], trog_three_pillars_becter,
          minmay_orc_entry_temple_small, serial_shops,
          nicolae_shop_back_alley_shop, uniq_joseph, uniq_harold, uniq_erica
D:10:     layout_loops_ring, minmay_overflow_temple_star_hex, serial_shops,
          nicolae_shop_dealshenge, nicolae_shop_hallway_stairs,
          nicolae_shop_rolling_square, nicolae_shop_statue_plus,
          kennysheep_little_box, nzn_sisyphean_effort
D:11:     layout_rooms, hellmonk_lair_entry_icy, serial_shops, shop,
          chequers_serial_rivers_micro_c, kennysheep_potato, uniq_josephine
Temple:   eino_temple_scatter_basement
Lair:1:   layout_roguey, basic_altar, beast_lair_carwin_9, uniq_nergalle

Notes
Turn   | Place    | Note
-------+----------+-------------------------------------------
     0 | D:1      | cforsyth the Mountain Dwarf Necromancer began the quest for
                  | the Orb.
     0 | D:1      | Reached XP level 1. HP: 14/14 MP: 3/3
    63 | D:1      | Reached skill level 1 in Fighting
   185 | D:1      | Reached XP level 2. HP: 23/23 MP: 1/4
   703 | D:2      | Reached skill level 2 in Fighting
   769 | D:2      | Reached skill level 5 in Necromancy
   769 | D:2      | Reached XP level 3. HP: 29/29 MP: 1/5
  1004 | D:2      | Found Ifasutul's Antique Armour Emporium.
  1107 | D:2      | Found Odumnaiph's Assorted Antiques.
  1131 | D:2      | Bought a puce potion for 22 gold pieces
  1131 | D:2      | Bought a smoky white potion for 22 gold pieces
  1295 | D:2      | Found Mosocu Opan's Antique Armour Boutique.
  1353 | D:2      | Found Ydghuqufa's Book Emporium.
  1727 | D:3      | Identified a scroll of acquirement
  1727 | D:3      | Acquired a +1 eveningstar of protection
  1855 | D:3      | Found a glowing drain.
  1863 | D:3      | Reached XP level 4. HP: 32/37 MP: 1/6
  1912 | D:3      | Found a runed translucent gate.
  1913 | D:3      | Found a runed translucent gate.
  1914 | D:3      | Found a runed translucent gate.
  1914 | D:3      | Noticed Fractals's ghost (amateur MDFi)
  2014 | Sewer    | Entered a sewer
  2035 | Sewer    | Reached skill level 1 in Maces & Flails
  2039 | Sewer    | Reached skill level 3 in Fighting
  2100 | Sewer    | Learned a level 4 spell: Animate Dead
  2146 | Sewer    | Noticed a kobold brigand
  2153 | Sewer    | Noticed a kobold brigand
  2159 | Sewer    | Killed a kobold brigand
  2160 | Sewer    | Reached skill level 2 in Maces & Flails
  2160 | Sewer    | Reached XP level 5. HP: 19/45 MP: 4/7
  2176 | Sewer    | HP: 4/45 [kobold/+0 short sword (4)]
  2177 | Sewer    | Reached skill level 6 in Necromancy
  2468 | Sewer    | Found a white marble altar of Elyvilon.
  2822 | D:3      | Noticed Jessica
  2829 | D:3      | Killed Jessica
  2830 | D:3      | Reached skill level 4 in Fighting
  2830 | D:3      | Reached skill level 3 in Maces & Flails
  2830 | D:3      | Reached XP level 6. HP: 49/52 MP: 4/8
  4765 | D:4      | Found Gahif's Gadget Gallery.
  4778 | D:4      | Found Cicatz's Assorted Antiques.
  4871 | D:4      | Found a staircase to the Ecumenical Temple.
  4899 | Temple   | Entered the Ecumenical Temple
  4910 | Temple   | Became a worshipper of Kikubaaqudgha
  5265 | D:4      | Reached skill level 4 in Maces & Flails
  5265 | D:4      | Reached XP level 7. HP: 25/60 MP: 9/9
  5823 | D:4      | Found Teisiom's Assorted Antiques.
  5841 | D:4      | Reached skill level 5 in Fighting
  5875 | D:4      | Found Hyoceq's Armour Boutique.
  5955 | D:5      | Entered Level 5 of the Dungeon
  6114 | D:5      | Reached skill level 7 in Necromancy
  6388 | D:5      | Reached skill level 5 in Maces & Flails
  6828 | D:6      | Reached XP level 8. HP: 32/70 MP: 8/10
  6830 | D:6      | Reached skill level 6 in Fighting
  6980 | D:6      | Learned a level 4 spell: Dispel Undead
  7059 | D:6      | Found Moore's Dragon-Slaying Spoils.
  7134 | D:6      | Reached * piety under Kikubaaqudgha
  7134 | D:6      | Received a gift from Kikubaaqudgha
  7522 | D:6      | Found Uppef's Wicked Wares.
  8296 | D:7      | Reached skill level 6 in Maces & Flails
  8530 | D:7      | Reached skill level 8 in Necromancy
  9021 | D:2      | Bought an embroidered cloak for 232 gold pieces
  9257 | D:8      | Reached skill level 7 in Fighting
  9262 | D:8      | Reached skill level 7 in Maces & Flails
  9549 | D:8      | Noticed Maurice
  9552 | D:8      | Maurice stole a +2 short sword of venom
  9697 | D:8      | Reached skill level 1 in Armour
  9697 | D:8      | Reached XP level 9. HP: 79/79 MP: 6/11
  9742 | D:8      | Maurice stole 88 gold
  9910 | D:8      | Killed Maurice
  9911 | D:8      | Reached skill level 2 in Armour
  9911 | D:8      | Reached skill level 9 in Necromancy
 10121 | D:8      | Found Capur's Antique Weapon Shop.
 10188 | D:8      | Noticed Grum
 10209 | D:7      | Reached skill level 8 in Maces & Flails
 10454 | D:7      | Killed Grum
 10455 | D:7      | Reached skill level 3 in Armour
 10665 | D:9      | Noticed a two-headed ogre
 10800 | D:9      | Noticed a two-headed ogre
 10806 | D:9      | Killed a two-headed ogre
 10807 | D:9      | Reached skill level 9 in Maces & Flails
 10807 | D:9      | Reached skill level 4 in Armour
 10807 | D:9      | Reached skill level 10 in Necromancy
 10886 | D:9      | Reached skill level 5 in Armour
 10997 | D:9      | Reached XP level 10. HP: 82/86 MP: 12/12
 11082 | D:9      | Found a bloodstained altar of Trog.
 11231 | D:9      | Identified the +2 long sword "Adini" {pain, Fly rPois rN+
                  | Will+}
 11231 | D:9      | Noticed Joseph
 11388 | D:9      | Killed a two-headed ogre
 11389 | D:9      | Reached skill level 10 in Maces & Flails
 11389 | D:9      | Reached skill level 6 in Armour
 12064 | D:9      | Noticed Erica
 12182 | D:9      | Paralysed by a hornet for 1 turns
 12333 | D:9      | Noticed Harold
 12480 | D:8      | Killed Harold
 12481 | D:8      | Reached skill level 11 in Necromancy
 12896 | D:8      | Killed Joseph
 12897 | D:8      | Reached skill level 7 in Armour
 13042 | D:8      | Found Capur's Antique Weapon Shop.
 13402 | D:9      | Reached skill level 11 in Maces & Flails
 13701 | D:9      | Killed Erica
 13701 | D:9      | HP: 8/86 [poisoned by Erica (bolt of poison)]
 13702 | D:9      | Identified a potion of resistance
 13706 | D:9      | HP: 4/129 [poisoned by Erica (bolt of poison)]
 13708 | D:9      | HP: 1/86 [poisoned by Erica (bolt of poison)]
 14570 | D:9      | Found a staircase to the Orcish Mines.
 14623 | D:10     | Entered Level 10 of the Dungeon
 14843 | D:9      | Found a roughly hewn altar of Beogh.
 14875 | D:9      | Reached ** piety under Kikubaaqudgha
 14878 | D:9      | Reached XP level 11. HP: 92/92 MP: 13/13
 15021 | D:9      | Found Ifrokkikh's Antique Armour Boutique.
 15303 | D:4      | Bought a scroll labelled ENUTUIR COUK for 32 gold pieces
 15303 | D:4      | Bought 3 scrolls labelled LIOBBISEOS for 96 gold pieces
 15360 | D:4      | Bought a scroll labelled HUUDUKHLIUTZ for 27 gold pieces
 15460 | D:2      | Bought a scroll labelled BUAZXU VOLU for 25 gold pieces
 15806 | D:10     | Found Byzuome's Weapon Boutique.
 15911 | D:10     | Reached skill level 8 in Armour
 16285 | D:10     | Noticed a boulder beetle
 16288 | D:10     | HP: 9/92 [poisoned by a killer bee]
 16530 | D:10     | Found Yrchocuru's General Store.
 16595 | D:10     | Found Raitolebb's Armour Shop.
 16652 | D:10     | Killed a boulder beetle
 16653 | D:10     | Reached skill level 12 in Maces & Flails
 16976 | D:10     | Found Tip Obai's Assorted Antiques.
 17003 | D:10     | Found a hide-covered altar of Uskayaw.
 17006 | D:10     | Found a blossoming altar of Fedhas.
 17079 | D:10     | Found a broken altar of Ashenzari.
 17086 | D:10     | Found a sacrificial altar of Ru.
 17097 | D:10     | Found an iron altar of Okawaru.
 17143 | D:10     | Found Rait's General Store.
 17148 | D:10     | Bought a scroll of identify for 30 gold pieces
 17268 | D:10     | Bought a scroll of enchant weapon for 120 gold pieces
 17570 | D:11     | Noticed a boulder beetle
 17574 | D:11     | Reached skill level 9 in Armour
 18071 | D:11     | Found a staircase to the Lair.
 18113 | Lair:1   | Entered Level 1 of the Lair of Beasts
 18113 | Lair:1   | Noticed a death yak
 18113 | Lair:1   | Noticed a death yak
 18113 | Lair:1   | Noticed a death yak
 18113 | Lair:1   | Noticed a death yak
 18113 | Lair:1   | Noticed a death yak
 18405 | D:11     | Killed a boulder beetle
 18406 | D:11     | Reached skill level 13 in Maces & Flails
 18673 | D:11     | Noticed Josephine
 18689 | D:11     | HP: 8/89 [wraith[Josephine] (7)]
 18691 | D:11     | Mangled by a wraith

Vanquished Creatures
  Harold (D:8)
  2 boulder beetles
  A two-headed ogre (D:9)
  Erica (D:9)
  A manticore (D:11)
  Maurice (D:8)
  Joseph (D:8)
  A kobold demonologist (D:10)
  A komodo dragon (D:9)
  An unseen horror (D:10)
  2 trolls (D:10)
  A polar bear (D:11)
  A hornet (D:9)
  A wyvern (D:9)
  3 yaks (D:9)
  Grum (D:7)
  A steam dragon (D:8)
  An acid dragon (D:11)
  2 water moccasins
  6 orc warriors
  3 ice beasts
  6 wolves
  5 centaurs
  2 ogres
  2 kobold brigands (Sewer)
  A bullfrog (D:8)
  2 scorpions
  10 wights
  17 killer bees
  An electric eel (D:11)
  A howler monkey (D:10)
  2 hounds
  A jelly (D:4)
  12 orc priests
  Jessica (D:3)
  2 iguanas (D:5)
  A sleepcap (D:4)
  3 orc wizards
  3 river rats (Sewer)
  11 adders
  3 shadow imps
  A white imp (D:7)
  3 ufetubi
  A dart slug (D:5)
  A ribbon worm (D:4)
  47 orcs
  4 endoplasms
  9 giant cockroaches
  9 goblins
  4 hobgoblins
  A jackal (D:1)
  5 quokkas
  7 ball pythons
  6 bats
  3 frilled lizards
  14 kobolds
  6 rats
240 creatures vanquished.

Vanquished Creatures (collateral kills)
  A two-headed ogre (D:9)
  2 orc warriors (D:9)
  A centaur (D:8)
  3 bullfrogs
  A scorpion (D:6)
  A killer bee (D:10)
  A howler monkey (D:8)
  An adder (D:6)
  An ufetubus (D:6)
  2 orcs
  2 ball pythons (D:1)
  A jackal (D:1)
  A kobold (Sewer)
  A quokka (D:3)
  A goblin (D:3)
20 creatures vanquished.

Vanquished Creatures (others)
  A two-headed ogre (D:9)
  A two-headed ogre zombie (D:9)
  A komodo dragon zombie (D:9)
  A polar bear zombie (D:11)
  2 bullfrog zombies (D:8)
  A centaur zombie (D:9)
  An orc wizard (D:9)
  7 killer bee zombies
  An adder (D:9)
  An orc (D:9)
  A kobold (D:9)
  4 kobold zombies (Sewer)
  4 orc zombies
26 creatures vanquished.

Grand Total: 286 creatures vanquished

Table legend: (Time is in decaauts)
 A = Elapsed time spent in this place.
 B = Non-inter-level travel time spent in this place.
 C = Inter-level travel time spent in this place.
 D = Time resting spent in this place.
 E = Time spent auto-exploring this place.
 F = Levels seen in this place.
 G = Mean time per level.
                   A        B        C        D        E       F      G
               +--------+--------+--------+--------+--------+-----+--------+
         Total |  18893 |  17437 |   1456 |   4047 |  10137 |  14 | 1349.5 |
       Dungeon |  18214 |  16779 |   1435 |   3802 |  10023 |  11 | 1655.8 |
        Temple |     22 |      1 |     21 |      0 |      0 |   1 |   22.0 |
          Lair |      1 |      1 |      0 |      0 |      0 |   1 |    1.0 |
         Sewer |    654 |    654 |      0 |    245 |    114 |   1 |  654.0 |
               +--------+--------+--------+--------+--------+-----+--------+

Top non-repeatable levels by time:
     D:9: 3036 daAuts
     D:3: 2640 daAuts
    D:10: 2547 daAuts
     D:8: 2324 daAuts
     D:7: 1718 daAuts
     D:4: 1510 daAuts
     D:2: 1354 daAuts
     D:6: 1020 daAuts
     D:5: 895 daAuts
   Sewer: 654 daAuts
     D:1: 634 daAuts
    D:11: 531 daAuts
  Temple: 22 daAuts
  Lair:1: 1 daAuts

Table legend:
 A = Non-vault XP
 B = Vault XP
 C = Vault XP percentage of total XP
 D = Non-vault monster count
 E = Vault monster count
 F = Vault count percentage of total count
                 A         B        C        D         E       F
            +---------+---------+-------+---------+---------+-------
      Total |   10841 |    6446 |  37.3 |     188 |      71 |  27.4
            +---------+---------+-------+---------+---------+-------
        D:1 |      31 |       0 |   0.0 |      20 |       0 |   0.0
        D:2 |      56 |       4 |   6.7 |      20 |       2 |   9.1
        D:3 |     125 |      45 |  26.5 |      25 |       5 |  16.7
        D:4 |     433 |       0 |   0.0 |      16 |       0 |   0.0
        D:5 |     377 |       0 |   0.0 |      11 |       0 |   0.0
        D:6 |     320 |       0 |   0.0 |      13 |       0 |   0.0
        D:7 |     281 |     539 |  65.7 |      12 |       4 |  25.0
        D:8 |    1150 |    2119 |  64.8 |      13 |       9 |  40.9
        D:9 |    3742 |    1626 |  30.3 |      29 |      30 |  50.8
       D:10 |    2603 |    1314 |  33.5 |      23 |       5 |  17.9
       D:11 |    1723 |     552 |  24.3 |       6 |       3 |  33.3
      Sewer |       0 |     247 | 100.0 |       0 |      13 | 100.0
            +---------+---------+-------+---------+---------+-------
